 Dungeon Crawl Stone Soup version 0.29-a0-557-g43b9904bd1 (webtiles) character file.

Game seed: 5034607894983175215

4911 siradein the Fighter (level 10, 0/172 HPs)
             Began as an Ogre Berserker on June 8, 2022.
             Was an Elder of Trog.
             Succumbed to a killer bee's poison
             ... on level 8 of the Dungeon on June 9, 2022.
             The game lasted 00:20:10 (10299 turns).

siradein the Fighter (Ogre Berserker)              Turns: 10299, Time: 00:20:10

Health: 0/172      AC:  3    Str: 27    XL:     10   Next: 51%
Magic:  10/10      EV: 11    Int:  8    God:    Trog [****..]
Gold:   371        SH:  0    Dex:  8    Spells: 9/9 levels left

rFire   + . .      SeeInvis .   p - +0 halberd
rCold   + . .      Faith    .   (shield currently unavailable)
rNeg    . . .      Spirit   .   b - +0 animal skin
rPois   +          Reflect  .   (helmet restricted)
rElec   .          Harm     .   n - scarf {rC+ rF+}
rCorr   .          Rampage  .   (gloves unavailable)
Will    +++..                   (boots unavailable)
Stlth   ..........              (no amulet)
HPRegen 1.38/turn               t - +4 ring of slaying
MPRegen 0.12/turn               D - ring of poison resistance

@: berserking, lethally poisoned (0 -> -2), strong-willed (expiring),
regenerating (expiring), very quick
A: large, unfitting armour, tough skin 1
a: Renounce Religion, Berserk, Trog's Hand, Brothers in Arms


You were on level 8 of the Dungeon.
You worshipped Trog.
Trog was greatly pleased with you.
You visited 1 branch of the dungeon, and saw 8 of its levels.

You collected 371 gold pieces.

Inventory:

Hand Weapons
 i - a +1 vorpal spear
 p - a +0 halberd (weapon)
Missiles
 a - 2 throwing nets (quivered)
 s - 5 boomerangs
Armour
 b - a +0 animal skin (worn)
 n - a scarf of resistance (worn)
Jewellery
 t - a +4 ring of slaying (left hand)
 D - a ring of poison resistance (right hand)
Wands
 u - a wand of digging (3)
 x - a wand of polymorph (11)
Scrolls
 c - 2 scrolls of teleportation
 g - 2 scrolls of noise {unknown}
 k - 2 scrolls of immolation
 m - 3 scrolls of magic mapping
 o - a scroll of fog
 v - a scroll of poison {unknown}
 y - a scroll of summoning
 z - a scroll of enchant weapon {unknown}
 A - a scroll of fear {unknown}
 B - a scroll of enchant armour {unknown}
 C - a scroll of silence {unknown}
 E - a scroll of brand weapon {unknown}
Potions
 d - 2 potions of haste
 e - a potion of berserk rage
 f - 3 potions of lignification {unknown}
 h - 2 potions of degeneration {unknown}
 j - 3 potions of curing
 l - 4 potions of attraction
 q - a potion of flight {unknown}
 r - a potion of mutation {unknown}
 w - a potion of brilliance {unknown}


   Skills:
 + Level 12.1 Fighting
 + Level 9.3 Polearms
 + Level 8.5 Dodging


You had 9 spell levels left.
You didn't know any spells.
Your spell library was empty.

Dungeon Overview and Level Annotations

Branches:
Dungeon (8/15)             Temple (0/1) D:5
   Lair: D:8-11

Altars:
Ashenzari

Shops:
D:3 (


Innate Abilities, Weirdness & Mutations

You are too large for most types of armour.
You have tough skin. (AC +1)


Message History

The killer bee barely misses you. The bullfrog hits you.
* * * LOW HITPOINT WARNING * * *
The killer bee stings you.
* * * LOW HITPOINT WARNING * * *
The killer bee closely misses you. The killer bee stings you.
* * * LOW HITPOINT WARNING * * *
The bullfrog hits you but does no damage.
You impale the killer bee!!
You kill the killer bee!
Trog accepts your kill. The killer bee stings you!
* * * LOW HITPOINT WARNING * * *
You are poisoned.
The killer bee poisons you! The killer bee stings you.
* * * LOW HITPOINT WARNING * * *
You are more poisoned.
The killer bee poisons you! The bullfrog closely misses you.
Unknown command.
You impale the bullfrog!!
You kill the bullfrog!
Trog accepts your kill.
You feel very sick. The killer bee barely misses you.
You slice the killer bee!!
You kill the killer bee!
Trog accepts your kill.
You feel sick. The killer bee stings you.
* * * LOW HITPOINT WARNING * * *
The killer bee barely misses you. The killer bee stings you.
* * * LOW HITPOINT WARNING * * *
The killer bee stings you!
* * * LOW HITPOINT WARNING * * *
You are too berserk!
You slice the killer bee!!
You kill the killer bee!
Trog accepts your kill.
* * * LOW HITPOINT WARNING * * *
You feel sick. The killer bee closely misses you.
You closely miss the killer bee.
You die...

.. #.......# ...
#†......# ....
#.......# .....
##†.....##
......##....####
........y...##
....####.....# ## #
#.y.#..# ##.#
#†@.#### ##..##
###..### ##.....
#......# ##.....#
###..#..# ##......#
##....#..#
........###....##....
.........##...##
#.#.. ......##....###
#.... ............#
..#.


You could see 2 killer bees.

Vanquished Creatures
  Pikel (D:4)
  Joseph (D:7)
  Maggie (D:6)
  Prince Ribbit (D:5)
  Grinder (D:4)
  Menkaure (D:6)
  A steam dragon (D:7)
  3 ice beasts
  A black bear (D:5)
  An ogre (D:6)
  2 sky beasts (D:7)
  A centaur (D:8)
  3 lemures
  4 phantoms
  6 bullfrogs
  A kobold brigand (D:6)
  5 scorpions
  7 wights
  3 killer bees (D:8)
  5 howler monkeys
  3 hounds
  5 jellies
  An orc priest (D:7)
  6 iguanas
  4 orc wizards
  8 gnolls
  8 adders
  A shadow imp (D:8)
  An ufetubus (D:7)
  3 dart slugs
  15 orcs
  8 ball pythons
  11 bats
  10 endoplasms
  2 giant cockroaches
  11 goblins
  5 hobgoblins
  2 jackals (D:3)
  14 kobolds
  7 quokkas
  4 frilled lizards (D:1)
  2 rats
180 creatures vanquished.

Vanquished Creatures (others)
  5 fungi (D:2)
  2 plants (D:2)
7 creatures vanquished.

Grand Total: 187 creatures vanquished

Notes
Turn   | Place    | Note
-------+----------+-------------------------------------------
     0 | D:1      | siradein the Ogre Berserker began the quest for the Orb.
     0 | D:1      | Reached XP level 1. HP: 24/24 MP: 1/1
    83 | D:1      | Reached XP level 2. HP: 32/32 MP: 2/2
   434 | D:1      | Reached XP level 3. HP: 40/40 MP: 3/3
  1431 | D:2      | Reached ** piety under Trog
  1501 | D:2      | Reached XP level 4. HP: 49/49 MP: 4/4
  1629 | D:2      | Reached skill level 5 in Fighting
  1987 | D:2      | Found a faded altar of an unknown god.
  2085 | D:3      | Reached XP level 5. HP: 54/57 MP: 5/5
  2434 | D:3      | Found Eptiusao's Weapon Boutique.
  2947 | D:3      | Found a broken altar of Ashenzari.
  3170 | D:4      | Noticed a lemure
  3170 | D:4      | Noticed a lemure
  3170 | D:4      | Noticed a lemure
  3170 | D:4      | Noticed a lemure
  3232 | D:3      | Killed a lemure
  3480 | D:3      | Killed a lemure
  3769 | D:4      | Killed a lemure
  3997 | D:4      | Reached XP level 6. HP: 66/67 MP: 6/6
  4014 | D:4      | Reached skill level 6 in Fighting
  4093 | D:4      | Noticed Grinder
  4110 | D:4      | Killed Grinder
  4266 | D:4      | Reached skill level 5 in Polearms
  4275 | D:4      | Reached XP level 7. HP: 59/76 MP: 7/7
  4488 | D:4      | Noticed Pikel
  4510 | D:4      | Killed Pikel
  4511 | D:4      | Reached skill level 8 in Fighting
  4511 | D:4      | Reached skill level 5 in Dodging
  4511 | D:4      | Reached XP level 8. HP: 33/88 MP: 8/8
  4516 | D:4      | Reached *** piety under Trog
  5362 | D:5      | Entered Level 5 of the Dungeon
  6127 | D:5      | Noticed Prince Ribbit
  6142 | D:5      | Killed Prince Ribbit
  6143 | D:5      | Reached skill level 9 in Fighting
  6471 | D:5      | Reached XP level 9. HP: 85/100 MP: 9/9
  6708 | D:5      | Found a staircase to the Ecumenical Temple.
  7690 | D:6      | Reached skill level 10 in Fighting
  7759 | D:6      | Noticed Menkaure
  7759 | D:6      | Noticed Maggie
  7767 | D:6      | Killed Menkaure
  7772 | D:6      | Killed Maggie
  8441 | D:7      | Reached skill level 11 in Fighting
  8606 | D:7      | Reached **** piety under Trog
  8612 | D:7      | Reached XP level 10. HP: 66/113 MP: 10/10
  9671 | D:7      | Noticed Joseph
  9687 | D:7      | Killed Joseph
 10213 | D:8      | Reached skill level 12 in Fighting
 10297 | D:8      | HP: 2/172 [killer bee (7)]
 10299 | D:8      | Succumbed to a killer bee's poison

Illustrated notes

Levels and vault maps discovered:
D:1:      minmay_arrival_stone_box, layout_basic, minmay_misc_feat_room,
          roderic_lattice_a
D:2:      layout_basic, dreamdust_ecumenical_altar_grove
D:3:      layout_loops_ring, mainiacjoe_overflow_surrounded_room, serial_shops,
          nicolae_square_shop
D:4:      layout_basic, uniq_grinder, uniq_pikel
D:5:      layout_basic, minmay_temple_entry_statues, uniq_prince_ribbit1
D:6:      minmay_razor_zed, layout_basic, uniq_maggie, uniq_menkaure
D:7:      layout_basic, uniq_joseph
D:8:      layout_cave_pools, dk_noncrumbling_3, uniq_erica

Skill      XL: |  1  2  3  4  5  6  7  8  9 10 |
---------------+-------------------------------+-----
Dodging        | 3 4 5 6 7 8 |  8.5
Fighting       | 5 6 8 9 11 12 | 12.1
Polearms       | 4 5 6 7 8 9 |  9.3

Action                   |  1- 3 |  4- 6 |  7- 9 | 10-12 || total
-------------------------+-------+-------+-------+-------++-------
Melee: Spear             |   127 |   214 |       |       ||   341
       Punch             |     1 |     2 |       |       ||     3
       Halberd           |       |    17 |   228 |   107 ||   352
Invok: Berserk           |       |     4 |     2 |     2 ||     8
       Trog's Hand       |       |       |       |     1 ||     1
  Use: Scroll            |       |     3 |     6 |       ||     9
Armor: Animal skin       |    21 |    30 |    20 |    15 ||    86
Dodge: Dodged            |    43 |    86 |    80 |    66 ||   275

Table legend: (Time is in decaauts)
 A = Elapsed time spent in this place.
 B = Non-inter-level travel time spent in this place.
 C = Inter-level travel time spent in this place.
 D = Time resting spent in this place.
 E = Time spent auto-exploring this place.
 F = Levels seen in this place.
 G = Mean time per level.
                   A        B        C        D        E       F      G
               +--------+--------+--------+--------+--------+-----+--------+
         Total |  10385 |  10264 |    121 |   1820 |   6836 |   8 | 1298.1 |
       Dungeon |  10385 |  10264 |    121 |   1820 |   6836 |   8 | 1298.1 |
               +--------+--------+--------+--------+--------+-----+--------+

Top non-repeatable levels by time:
     D:4: 2001 daAuts
     D:7: 1626 daAuts
     D:3: 1487 daAuts
     D:5: 1432 daAuts
     D:6: 1315 daAuts
     D:1: 1310 daAuts
     D:2: 924 daAuts
     D:8: 288 daAuts
